 Dungeon Crawl Stone Soup version 0.25-a0-707-g603da076d2 (webtiles) character file.

Game seed: 15754930247905569454, levelgen mode: deterministic

26888 MisterFreud the Spry (level 13, -15/100 HPs)
             Began as a Felid Berserker on Apr 4, 2020.
             Was the Champion of Trog.
             Shot with an arrow by a centaur warrior (21 damage)
             ... on level 13 of the Dungeon.
             The game lasted 00:42:15 (21410 turns).

MisterFreud the Spry (Felid Berserker)             Turns: 21410, Time: 00:42:16

Health: -15/100    AC:  3    Str: 13    XL:     13   Next: 1%
Magic:  0/21       EV: 33    Int:  8    God:    Trog [******]
Gold:   2994       SH:  0    Dex: 21    Spells: 12/12 levels left
                                        Lives:  0   Deaths: 2

rFire    . . .     SeeInvis +     - Unarmed
rCold    + . .     Gourm    .   (shield unavailable)
rNeg     + . .     Faith    .   (armour unavailable)
rPois    .         Spirit   +   (helmet unavailable)
rElec    .         Reflect  .   (cloak unavailable)
rCorr    .         Harm     .   (gloves unavailable)
MR       +++..                  (boots unavailable)
Stlth    ..........             c - amulet of guardian spirit
HPRegen  1.26/turn              F - +4 ring of slaying
MPRegen  0.17/turn              n - ring of positive energy

@: berserking, regenerating (expiring), very quick
A: very small, no armour, no weapons or thrown items, stealth, claws 1, fangs 3,
see invisible, carnivore, speed 1, shaggy fur 3, slow metabolism 1, sharp paws
a: Berserk, Trog's Hand, Brothers in Arms, Renounce Religion


You were on level 13 of the Dungeon.
You worshipped Trog.
Trog was exalted by your worship.
You were full.

You visited 2 branches of the dungeon, and saw 19 of its levels.

You collected 4398 gold pieces.
You spent 1404 gold pieces at shops.

Inventory:

Jewellery
 c - an amulet of guardian spirit (around neck)
 n - a ring of positive energy (right paw)
 s - an uncursed ring of flight
 z - an uncursed ring of poison resistance
 A - an uncursed ring of protection from fire
 F - a +4 ring of slaying (left paw)
 G - an uncursed amulet of faith
 H - an uncursed ring of ice
 I - an uncursed ring of protection from fire
Wands
 d - a wand of paralysis (34)
 k - a wand of polymorph (11)
 y - a wand of scattershot (5)
 B - a wand of iceblast (23)
 C - a wand of digging (7)
 D - a wand of acid (7)
 J - a wand of enslavement (6)
 K - a wand of flame (18)
Scrolls
 i - a scroll of fog
 j - 7 scrolls of teleportation
 r - 7 scrolls of remove curse
 t - 3 scrolls of magic mapping
 v - 2 scrolls of identify
Potions
 b - 2 potions of stabbing
 e - 4 potions of magic
 f - 5 potions of curing
 h - 2 potions of might
 l - 4 potions of flight
 m - a potion of invisibility
 o - 6 potions of brilliance
 q - a potion of ambrosia
 u - 4 potions of degeneration
 w - 4 potions of lignification
 x - 3 potions of heal wounds
 E - 4 potions of haste
Miscellaneous
 g - a lightning rod (4/4)
 p - a tin of tremorstones
Comestibles
 a - 38 rations


   Skills:
 + Level 14.0 Fighting
 - Level 15.0 Dodging
 - Level 10.2 Stealth
 + Level 14.0 Unarmed Combat
 - Level 10.0 Evocations


You had 12 spell levels left.
You didn't know any spells.
Your spell library was empty.

Dungeon Overview and Level Annotations

Branches:
Dungeon (13/15)            Temple (0/1) D:4            Lair (6/6) D:9
 Shoals (0/4) Lair:2       Spider (0/4) Lair:4        Slime (0/5) Lair:5
    Orc (0/2) D:11
 Vaults: D:13-14

Altars:
Cheibriados
Dithmenos
Gozag
Hepliaklqana
Kikubaaqudgha
Makhleb
Nemelex Xobeh
Okawaru
Ru
Trog
Uskayaw
Wu Jian
Xom
Zin

Shops:
D:8 }   D:10 *   D:13 :

Portals:
Hell: Lair:6

Annotations:
D:5 1 runed translucent door, bmj180's ghost, novice DrCj
D:9 3 runed translucent doors, kae's ghost, novice NaTm
D:13 Urug


Innate Abilities, Weirdness & Mutations

You cannot wear armour.
You are incapable of wielding weapons or throwing items.
Your paws allow you to move quietly. (Stealth)
You have sharp claws.
You have razor-sharp teeth.
You have supernaturally acute eyesight. (SInv)
You are carnivorous and can eat meat at any time.
You cover ground quickly.
Your thick and shaggy fur keeps you warm. (AC +3, rC+)
You have a slow metabolism.
Your sharp claws are effective at attacking unaware monsters.


Message History

Urug is heavily wounded.
Urug hits you with a +6 demon trident!!
* * * LOW HITPOINT WARNING * * *
You closely miss Urug.
Urug is heavily wounded.
The centaur hits you.
* * * LOW HITPOINT WARNING * * *
You scratch Urug but do no damage.
Urug is heavily wounded.
The centaur warrior shoots an arrow.
The arrow hits you!
* * * LOW HITPOINT WARNING * * *
The centaur misses you. Urug hits you with a +6 demon trident!
* * * LOW HITPOINT WARNING * * *
You barely miss Urug.
Urug is heavily wounded.
You claw Urug!
Urug is severely wounded.
The centaur completely misses you.
The centaur warrior shoots an arrow.
The arrow hits you!!
You die...

#......##
#......#
#......#
#......#
######
#####.##
#......
###.###).....#
#..(##(.......
#.(.#)....c...
#.(.)@........
#..(#co.......
#∩..#........o
#####.........
##........
...<.....
.......
.....>.


You could see Urug, a centaur warrior and a centaur.

Vanquished Creatures
  Jorgrun (D:12)
  A dire elephant (Lair:6)
  Josephine (D:10)
  6 hydras
  Harold (D:7)
  Erica (D:8)
  A centaur warrior (D:13)
  3 death yaks (Lair:6)
  A sun demon (Lair:6)
  Sonja (D:12)
  2 unseen horrors
  An orc knight (D:12)
  A wizard (Lair:6)
  2 manticores
  3 ugly things (D:12)
  A wolf spider (Lair:4)
  5 black mambas
  6 elephants (Lair:6)
  A centaur zombie (D:11)
  A torpor snail (Lair:6)
  A gargoyle (D:12)
  7 spiny frogs
  4 orange demons (Lair:6)
  7 rime drakes
  12 komodo dragons
  An ice devil (Lair:6)
  A hellwing (Lair:6)
  A troll (D:9)
  A queen bee (D:10)
  A hornet (D:11)
  Prince Ribbit (Lair:1)
  11 dream sheep
  13 blink frogs
  A slime creature (Lair:5)
  9 hippogriffs
  A vampire (D:12)
  4 wraiths
  3 basilisks
  36 yaks
  2 wyverns
  2 vampire mosquitoes (D:12)
  4 hungry ghosts
  Menkaure (D:5)
  An acid dragon (D:12)
  14 water moccasins
  14 porcupines
  2 sky beasts
  7 orc warriors
  A black bear (D:6)
  A hornet zombie (D:8)
  3 ice beasts
  4 eyes of draining
  5 ogres
  3 phantoms
  17 wolves
  7 centaurs
  9 crocodiles
  2 big kobolds
  18 bullfrogs
  Blork the orc (D:4)
  A wyvern zombie (D:7)
  2 scorpions
  A water moccasin skeleton (D:7)
  17 killer bees
  9 wights
  6 electric eels
  3 crimson imps
  2 howler monkeys
  13 hounds
  A quasit (D:8)
  4 orc priests
  5 jellies
  8 orc wizards
  A centaur skeleton (D:12)
  3 iguanas
  6 worker ants
  2 hound zombies
  2 hound skeletons
  A worker ant zombie (D:7)
  5 gnolls
  11 adders
  A howler monkey skeleton (D:2)
  3 shadow imps
  3 oozes
  2 adder zombies (D:8)
  2 adder skeletons (D:4)
  4 worms
  A dart slug (D:2)
  3 leopard geckos
  51 orcs
  3 ball pythons
  4 giant cockroaches
  6 hobgoblins
  8 jackals
  4 quokkas
  6 bats
  11 frilled lizards
  6 goblins
  17 kobolds
  A leopard gecko skeleton (D:5)
  A quokka skeleton (D:4)
  A quokka zombie (D:6)
  5 rats
519 creatures vanquished.

Vanquished Creatures (collateral kills)
  2 death yaks (Lair:6)
  3 dream sheep (Lair:6)
  4 hell hounds (Lair:6)
9 creatures vanquished.

Vanquished Creatures (others)
  A fungus (Lair:6)
1 creature vanquished.

Grand Total: 529 creatures vanquished

Notes
Turn   | Place    | Note
-------+----------+-------------------------------------------
     0 | D:1      | MisterFreud the Felid Berserker began the quest for the
                  | Orb.
     0 | D:1      | Reached XP level 1. HP: 10/10 MP: 2/2
   365 | D:1      | Reached XP level 2. HP: 12/14 MP: 0/3
   938 | D:2      | Found a glowing silver altar of Zin.
   938 | D:2      | Noticed an angel
   939 | D:2      | Found a shimmering altar of Xom.
   952 | D:2      | Reached XP level 3. HP: 17/18 MP: 2/4
   992 | D:2      | Reached ** piety under Trog
  1250 | D:2      | Noticed an ogre
  1256 | D:2      | Killed an ogre
  1256 | D:2      | Reached skill level 5 in Fighting
  1256 | D:2      | Reached XP level 4. HP: 23/23 MP: 3/5
  1334 | D:2      | Reached XP level 5. HP: 27/27 MP: 6/6
  1346 | D:2      | Reached skill level 1 in Stealth
  1647 | D:2      | Found a sparkling altar of Nemelex Xobeh.
  1696 | D:2      | Found a shadowy altar of Dithmenos.
  2880 | D:4      | Noticed Blork the orc
  2887 | D:4      | Killed Blork the orc
  2887 | D:4      | Gained mutation: You are covered in thick fur. (AC +2)
                  | [Felid growth]
  2887 | D:4      | Reached XP level 6. HP: 31/31 MP: 1/7
  2954 | D:4      | Reached skill level 5 in Dodging
  3147 | D:3      | Found an iron altar of Okawaru.
  3357 | D:3      | Found a hazy altar of Hepliaklqana.
  3429 | D:3      | Reached XP level 7. HP: 34/34 MP: 8/8
  3810 | D:3      | Reached *** piety under Trog
  4181 | D:4      | Noticed a +0 dagger
  4181 | D:4      | Noticed a +0 dagger
  4184 | D:4      | Found a hide-covered altar of Uskayaw.
  4339 | D:4      | Found a staircase to the Ecumenical Temple.
  4447 | D:5      | Entered Level 5 of the Dungeon
  4454 | D:5      | Found a snail-covered altar of Cheibriados.
  4476 | D:5      | Reached skill level 6 in Dodging
  4634 | D:5      | Found a shadowy altar of Dithmenos.
  4666 | D:5      | Found a runed translucent door.
  4666 | D:5      | Noticed bmj180's ghost (novice DrCj)
  4667 | D:5      | Noticed Menkaure
  4676 | D:5      | Killed Menkaure
  4676 | D:5      | Reached skill level 5 in Stealth
  4679 | D:5      | Reached skill level 5 in Unarmed Combat
  5377 | D:6      | Reached skill level 7 in Dodging
  5377 | D:6      | Reached XP level 8. HP: 38/38 MP: 7/9
  5681 | D:6      | Reached skill level 8 in Dodging
  5688 | D:6      | Found a sacrificial altar of Ru.
  5847 | D:6      | Found an ornate altar of the Wu Jian Council.
  6122 | D:7      | Found an ancient bone altar of Kikubaaqudgha.
  6183 | D:7      | Reached skill level 9 in Dodging
  6521 | D:7      | Noticed Harold
  6536 | D:7      | Killed Harold
  6536 | D:7      | Reached skill level 11 in Dodging
  6536 | D:7      | Reached XP level 9. HP: 26/41 MP: 3/10
  7015 | D:8      | Reached skill level 12 in Dodging
  7122 | D:8      | Reached **** piety under Trog
  7769 | D:8      | Found Wafist's Gadget Shoppe.
  7773 | D:8      | Bought a wand of iceblast (12) for 192 gold pieces
  7774 | D:8      | Noticed Erica
  7784 | D:8      | Killed Erica
  7784 | D:8      | Reached XP level 10. HP: 48/48 MP: 6/12
  7833 | D:8      | Found a bloodstained altar of Trog.
  8398 | D:9      | Reached skill level 5 in Evocations
  8399 | D:9      | Found a staircase to the Lair.
  8786 | D:9      | Found a runed translucent gate.
  8787 | D:9      | Found a runed translucent gate.
  8787 | D:9      | Found an opulent altar of Gozag.
  8788 | D:9      | Found a runed translucent gate.
  8795 | D:9      | Noticed kae's ghost (novice NaTm)
  8889 | D:9      | Reached ***** piety under Trog
  8941 | D:9      | Found a snail-covered altar of Cheibriados.
  9057 | D:10     | Entered Level 10 of the Dungeon
  9207 | D:10     | Noticed an unseen horror
  9248 | D:10     | Killed an unseen horror
  9425 | D:10     | Reached XP level 11. HP: 53/53 MP: 10/15
  9557 | D:10     | Found Irphuoru's Island Escapes.
  9710 | D:10     | Noticed Josephine
  9749 | D:10     | Killed Josephine
  9749 | D:10     | Reached skill level 10 in Stealth
 10215 | D:10     | Identified a scroll of acquirement
 10304 | D:8      | Bought a wand of paralysis (13) for 180 gold pieces
 10304 | D:8      | Bought a lightning rod (4/4) for 480 gold pieces
 10304 | D:8      | Bought a wand of iceblast (4) for 96 gold pieces
 10304 | D:8      | Bought a wand of polymorph (8) for 120 gold pieces
 10304 | D:8      | Bought a tin of tremorstones for 180 gold pieces
 10304 | D:8      | Bought a wand of iceblast (9) for 156 gold pieces
 10348 | Lair:1   | Entered Level 1 of the Lair of Beasts
 10478 | Lair:1   | Reached skill level 10 in Fighting
 10478 | Lair:1   | Reached skill level 10 in Unarmed Combat
 10560 | Lair:1   | Noticed Prince Ribbit
 11508 | Lair:1   | Killed Prince Ribbit
 11716 | Lair:2   | Found a staircase to the Shoals.
 12166 | Lair:2   | Gained mutation: Your thick and shaggy fur keeps you warm.
                  | (AC +3, rC+) [Felid growth]
 12166 | Lair:2   | Reached XP level 12. HP: 42/58 MP: 9/20
 12333 | Lair:2   | You fall into a shaft and drop 1 floor!
 12549 | Lair:2   | Found a hide-covered altar of Uskayaw.
 12563 | Lair:2   | Reached skill level 10 in Evocations
 13667 | Lair:4   | Noticed a four-headed hydra
 13684 | Lair:4   | Found a hole to the Spider Nest.
 13774 | Lair:4   | Killed a four-headed hydra
 14064 | Lair:4   | Reached skill level 13 in Dodging
 14117 | Lair:4   | Noticed a five-headed hydra
 14128 | Lair:4   | Killed a five-headed hydra
 14720 | Lair:5   | Noticed a four-headed hydra
 14745 | Lair:5   | Killed a four-headed hydra
 15221 | Lair:5   | Reached XP level 13. HP: 44/63 MP: 16/21
 15444 | Lair:5   | Reached skill level 14 in Dodging
 15470 | Lair:5   | Found a staircase to the Slime Pits.
 16382 | Lair:6   | Entered Level 6 of the Lair of Beasts
 17375 | Lair:6   | HP: 3/65 [death yak (56)]
 17638 | Lair:6   | Reached skill level 15 in Dodging
 17935 | Lair:6   | Demolished by a death yak
 17936 | Lair:6   | Reached XP level 12. HP: -15/61 MP: 0/20
 17944 | Lair:6   | Killed a death yak
 17945 | Lair:6   | Killed a death yak
 17964 | Lair:6   | Killed a death yak
 17971 | Lair:6   | Killed a death yak
 17976 | Lair:6   | Killed a death yak
 18060 | Lair:6   | Noticed a dire elephant
 18063 | Lair:6   | Killed a dire elephant
 18071 | Lair:6   | Reached XP level 13. HP: 65/65 MP: 21/21
 18202 | Lair:6   | Found a burning altar of Makhleb.
 18451 | Lair:6   | Found a gateway to Hell.
 19377 | D:11     | Found a staircase to the Orcish Mines.
 19764 | D:12     | Noticed Sonja
 19786 | D:12     | Killed Sonja
 20188 | D:12     | Demolished by an orc knight
 20189 | D:12     | Reached XP level 12. HP: -19/63 MP: 0/20
 20221 | D:12     | Noticed Jorgrun
 20226 | D:12     | Killed Jorgrun
 20762 | D:12     | Reached ****** piety under Trog
 21358 | D:13     | Found Geaj's Book Emporium.
 21376 | D:13     | Noticed a centaur warrior
 21377 | D:13     | Noticed Urug
 21398 | D:13     | Killed a centaur warrior
 21398 | D:13     | Reached XP level 13. HP: 67/67 MP: 11/21
 21408 | D:13     | HP: 5/100 [Urug/+6 demon trident (7)]
 21410 | D:13     | Shot with an arrow by a centaur warrior

Levels and vault maps discovered:
D:1:      enne_arrival_octagon_isle, layout_basic
D:2:      layout_basic, grunt_temple_overflow_order_and_chaos_1,
          marbit_many_paths, nemelex_altar_shiori
D:3:      layout_basic, lemuel_round_altar, old_standard_altar
D:4:      layout_rooms, dancing_weapons_uskayaw, temple_statues, first_ration,
          uniq_blork_the_orc
D:5:      layout_basic, basic_altar, gammafunk_ghost_grave,
          kennysheep_cluttered_room, lemuel_altar_in_water, uniq_menkaure
D:6:      layout_loops_corners, nicolae_ru_sacrificial_ziggurat,
          lemuel_round_altar
D:7:      layout_rooms, lemuel_crystal_altar, minivault_11,
          kennysheep_generic_room_9, uniq_harold
D:8:      layout_loops_ring, trog_eyes_of_draining, serial_shops,
          nicolae_shop_stone, uniq_erica
D:9:      layout_roguey, cheibrodos_worm_habitat, erik_lair_island,
          ebering_ghost_gozag
D:10:     layout_small_grid, david_nohive_1, nicolae_island_escapes,
          uniq_josephine
D:11:     layout_long_grid, erik_orc_3
D:12:     layout_long_grid, serial_bayou_pond_b, uniq_sonja, uniq_jorgrun
D:13:     layout_rooms, serial_shops, shop, shop, shop, uniq_urug
Lair:1:   layout_regular_city, grunt_megastairs_5, uniq_prince_ribbit2
Lair:2:   layout_gridlike, minmay_shoals_entry_beasts, basic_altar,
          grunt_megastairs_3
Lair:3:   layout_loops_ring, st_stairs_11
Lair:4:   layout_regular_city, spider_nest_entry_rubble,
          cheibrodos_lair_reptile_den, infiniplex_staircase_pool_2
Lair:5:   layout_cave_pods, minmay_slime_entry_pillars, minmay_lair_drake_nest,
          grunt_megastairs_2
Lair:6:   evil_forest, layout_gridlike, chequers_serial_rivers_small_a,
          lemuel_another_geyser, serial_bayou_shore_b

Skill      XL: |  1  2  3  4  5  6  7  8  9 10 11 12 13 |
---------------+----------------------------------------+-----
Fighting       | 4 5 6 7 9 10 14 13 | 14.0
Stealth        | 2 4 6 8 9 10 | 10.2
Dodging        | 5 7 11 12 13 15 | 15.0
Unarmed Combat | 4 5 6 7 9 10 14 13 | 14.0
Evocations     | 2 5 9 10 | 10.0

Action                   |  1- 3 |  4- 6 |  7- 9 | 10-12 | 13-15 || total
-------------------------+-------+-------+-------+-------+-------++-------
Melee: Unarmed           |    77 |   145 |   325 |   770 |   426 ||  1743
       Bite              |     8 |    11 |    46 |   107 |    62 ||   234
       Punch             |     1 |     1 |     8 |    47 |    35 ||    92
Invok: Berserk           |     3 |     8 |    12 |    29 |    13 ||    65
       Trog's Hand       |       |     2 |     1 |    14 |     9 ||    26
       Brothers in Arms  |       |       |       |       |     2 ||     2
Evoke: Wand              |       |       |       |     2 |     6 ||     8
  Use: Potion            |       |     2 |       |       |     1 ||     3
       Scroll            |       |     3 |     2 |    15 |     8 ||    28
 Stab: Sleeping          |     3 |     8 |    14 |    41 |    22 ||    88
       Distracted        |       |       |     1 |     1 |     2 ||     4
       Paralysed         |       |       |       |       |     1 ||     1
  Eat: Chunk             |     6 |    15 |    23 |    60 |    20 ||   124
Armor: Skin              |     3 |     8 |     8 |    14 |     8 ||    41
Dodge: Dodged            |    50 |   113 |   227 |   731 |   425 ||  1546

Table legend:
 A = Non-vault XP
 B = Vault XP
 C = Vault XP percentage of total XP
 D = Non-vault monster count
 E = Vault monster count
 F = Vault count percentage of total count
                 A         B        C        D         E       F
            +---------+---------+-------+---------+---------+-------
      Total |   53609 |   28459 |  34.7 |     423 |     105 |  19.9
            +---------+---------+-------+---------+---------+-------
        D:1 |      38 |       0 |   0.0 |      22 |       0 |   0.0
        D:2 |     243 |       2 |   0.8 |      23 |       1 |   4.2
        D:3 |     299 |       0 |   0.0 |      37 |       0 |   0.0
        D:4 |     147 |      91 |  38.2 |      15 |       1 |   6.2
        D:5 |     364 |     169 |  31.7 |      12 |       1 |   7.7
        D:6 |     781 |       0 |   0.0 |      13 |       0 |   0.0
        D:7 |     373 |    1061 |  74.0 |      12 |       2 |  14.3
        D:8 |    1907 |    1165 |  37.9 |      40 |       5 |  11.1
        D:9 |     970 |    1192 |  55.1 |      14 |       9 |  39.1
       D:10 |    2690 |    2765 |  50.7 |      17 |      18 |  51.4
       D:11 |    2451 |     601 |  19.7 |      29 |      15 |  34.1
       D:12 |    6451 |    5323 |  45.2 |      42 |       5 |  10.6
       D:13 |    1512 |       0 |   0.0 |       7 |       0 |   0.0
     Lair:1 |    4182 |     788 |  15.9 |      18 |       4 |  18.2
     Lair:2 |    2495 |    1172 |  32.0 |      17 |       3 |  15.0
     Lair:3 |    2302 |     504 |  18.0 |      13 |       2 |  13.3
     Lair:4 |    5501 |    1259 |  18.6 |      17 |       3 |  15.0
     Lair:5 |    8480 |    2114 |  20.0 |      34 |      10 |  22.7
     Lair:6 |   12423 |   10253 |  45.2 |      41 |      26 |  38.8
            +---------+---------+-------+---------+---------+-------
